 Dungeon Crawl Stone Soup version 0.26-a0-976-gd3b5134375 (webtiles) character file.

Game seed: 16888502450581563830

7 Gargoyl the Skirmisher (level 2, -4/29 HPs)
             Began as a Gnoll Abyssal Knight on Dec 5, 2020.
             Was a Follower of Lugonu.
             Slain by an ufetubus (5 damage)
             ... summoned by a ynoxinul
             ... on level 1 of the Abyss.
             The game lasted 00:00:27 (195 turns).

Gargoyl the Skirmisher (Gnoll Abyssal Knight)        Turns: 195, Time: 00:00:28

Health: -4/29      AC:  3    Str: 14    XL:     2   Next: 4%
Magic:  5/5        EV: 12    Int: 14    God:    Lugonu [*.....]
Gold:   8          SH:  0    Dex: 14    Spells: 1/1 levels left

rFire    . . .     SeeInvis .   a - +1 hand axe
rCold    . . .     Faith    .   (no shield)
rNeg     . . .     Spirit   .   b - +0 leather armour
rPois    .         Reflect  .   (no helmet)
rElec    .         Harm     .   (no cloak)
rCorr    .         Rampage  .   (no gloves)
MR       .....                  (no boots)
Stlth    +.........             (no amulet)
HPRegen  0.09/turn              (no ring)
MPRegen  0.09/turn              (no ring)

@: no status effects
A: distributed training, fangs 1, strong nose
a: Depart the Abyss, Renounce Religion


You were on level 1 of the Abyss.
You worshipped Lugonu.
Lugonu was aware of your devotion.
You visited 0 branches of the dungeon, and saw 0 of its levels.
You visited the Abyss 1 time.

You collected 8 gold pieces.

Inventory:

Hand Weapons
 a - a +1 hand axe (weapon)
Armour
 b - a +0 leather armour (worn)
Scrolls
 c - a scroll of remove curse


   Skills:
 + Level 6.4 Fighting
 + Level 0.2 Short Blades
 + Level 0.2 Long Blades
 + Level 4.4 Axes
 + Level 0.2 Maces & Flails
 + Level 0.2 Polearms
 + Level 0.2 Staves
 + Level 0.2 Slings
 + Level 0.2 Bows
 + Level 0.2 Crossbows
 + Level 0.2 Throwing
 + Level 4.4 Armour
 + Level 2.4 Dodging
 + Level 0.2 Stealth
 + Level 0.2 Shields
 + Level 0.2 Unarmed Combat
 + Level 0.2 Spellcasting
 + Level 0.1 Conjurations
 + Level 0.1 Hexes
 + Level 0.1 Summonings
 + Level 0.1 Necromancy
 + Level 0.1 Translocations
 + Level 0.1 Transmutations
 + Level 0.1 Fire Magic
 + Level 0.1 Ice Magic
 + Level 0.1 Air Magic
 + Level 0.1 Earth Magic
 + Level 0.1 Poison Magic
 + Level 4.4 Invocations
 + Level 0.2 Evocations


You had one spell level left.
You didn't know any spells.
Your spell library was empty.

Dungeon Overview and Level Annotations

Branches:
Dungeon (0/15)

Altars:


Innate Abilities, Weirdness & Mutations

Your experience applies equally to all skills.
You have very sharp teeth.
Your uncanny sense of smell can sniff out nearby items.


Message History

Ouch! That really hurt!
* * * LOW HITPOINT WARNING * * *
The ynoxinul gestures.
The small abomination barely misses you.
Found 7 gold pieces.
The ufetubus shouts!
You see here 7 gold pieces.
The small abomination barely misses you.
You barely miss the ufetubus. You hit the small abomination.
The ufetubus hits you.
* * * LOW HITPOINT WARNING * * *
The ufetubus hits you but does no damage.
The small abomination hits you.
* * * LOW HITPOINT WARNING * * *
Unknown command.
You closely miss the small abomination.
The small abomination is lightly damaged.
You miss the ufetubus. The ufetubus closely misses you. x2
The ufetubus hits you.
You die...

##### .... ... ##
..# ## #. . ###.##
.######..###3#3.#
#
.#.#.##_.##.#..###
.##.
#..###....5#x..#
...#
.#..#..3###@#$##
#.#.#...#...#
##### # .##..
..#... ..# ...
#.#####. .... .#.
#.. .###..#.#
.##.#. #. ..... ..
#... .. #...#
.#.##... ## ####∆
# ## #.##


You could see a ynoxinul, a small abomination and an ufetubus (summoned).

Vanquished Creatures
  A shadow imp (Abyss:1)
1 creature vanquished.

Notes
Turn   | Place    | Note
-------+----------+-------------------------------------------
     0 | Abyss:1  | Gargoyl the Gnoll Abyssal Knight began the quest for the
                  | Orb.
     0 | Abyss:1  | Reached XP level 1. HP: 23/23 MP: 3/3
    63 | Abyss:1  | Reached XP level 2. HP: 21/29 MP: 5/5
   145 | Abyss:1  | Noticed a hellwing
   169 | Abyss:1  | Noticed a small abomination
   171 | Abyss:1  | Noticed a small abomination
   171 | Abyss:1  | Noticed a thrashing horror
   176 | Abyss:1  | Noticed a ynoxinul
   184 | Abyss:1  | Found a blossoming altar of Fedhas.
   194 | Abyss:1  | HP: 1/29 [small abomination (6)]
   195 | Abyss:1  | Slain by an ufetubus

Illustrated notes

Levels and vault maps discovered:
Abyss:1:  base: Temple, base: Temple, hangedman_abyss_lost_library

Action                   || total
-------------------------++-------
Melee: Hand axe          ||     4
  Use: Scroll            ||     1
Armor: Leather armour    ||     1
Dodge: Dodged            ||     4

Table legend: (Time is in decaauts)
 A = Elapsed time spent in this place.
 B = Non-inter-level travel time spent in this place.
 C = Inter-level travel time spent in this place.
 D = Time resting spent in this place.
 E = Time spent auto-exploring this place.
 F = Levels seen in this place.
 G = Mean time per level.
                   A        B        C        D        E       F      G
               +--------+--------+--------+--------+--------+-----+--------+
         Total |    195 |    195 |      0 |      0 |    142 |   1 |  195.0 |
         Abyss |    195 |    195 |      0 |      0 |    142 |   1 |  195.0 |
               +--------+--------+--------+--------+--------+-----+--------+

Top non-repeatable levels by time:
 Abyss:1: 195 daAuts
